 Dungeon Crawl Stone Soup version 0.13.0-29-gdb529de (webtiles) character file.

98 Imon the Skirmisher (level 4, -6/48 HPs)
             Began as an Ogre Berserker on Nov 15, 2013.
             Was a Believer of Trog.
             Killed by divine providence
             ... invoked by an orc priest
              (13 damage)
             ... on Level 4 of the Dungeon.
             The game lasted 00:12:29 (1111 turns).

Imon the Skirmisher (Ogre Berserker)                Turns: 1111, Time: 00:12:30

HP  -6/48        AC  3     Str 23      XL: 4   Next:  4%
MP   3/3         EV 10     Int  6      God: Trog [**....]
Gold 38          SH  0     Dex  9      Spells:  0 memorised,  3 levels left

Res.Fire  : . . .   See Invis. : .   q - +1 orc mace (holy)
Res.Cold  : . . .   Warding    : .   b - +0 animal skin
Life Prot.: . . .   Conserve   : .   (shield restricted)
Res.Poison: .       Res.Corr.  : .   (helmet restricted)
Res.Elec. : .       Clarity    : .   (no cloak)
Sust.Abil.: . .     Spirit.Shd : .   (gloves unavailable)
Res.Mut.  : .       Stasis     : .   (boots unavailable)
Res.Rott. : .       Flight     : .   (no amulet)
Saprovore : + . .                    (no ring)
                                     (no ring)

@: slightly resistant to hostile enchantments, very unstealthy
A: unfitting armour, fast metabolism 1, saprovore 1, tough skin 1
a: Burn Spellbooks, Berserk, Trog's Hand, Renounce Religion


You were on level 4 of the Dungeon.
You worshipped Trog.
Trog was pleased with you.
You were not hungry.

You visited 1 branch of the dungeon, and saw 4 of its levels.

You collected 18 gold pieces.

Inventory:

Hand weapons
 a - a +0,+0 spear {=f}
 i - a +0,+0 hand axe (quivered)
 q - a +1,+1 orcish mace of holy wrath (weapon)
Missiles
 e - 14 arrows
 f - 5 poisoned needles
 m - a throwing net
Armour
 b - a +0 animal skin (worn)
 g - a +0 orcish leather armour
 k - a cursed +0 leather armour
 p - a +0 ring mail
 r - a +0 orcish helmet
Comestibles
 c - 3 meat rations
 h - an apricot
 j - a choko
 l - 2 pears
Scrolls
 n - a scroll of remove curse {unknown}
 o - a scroll of enchant weapon I {unknown}


   Skills:
 + Level 5.0 Fighting
 + Level 3.3 Polearms
 + Level 3.6 Dodging
 + Level 0.1 Stealth


You had 3 spell levels left.
You didn't know any spells.

Dungeon Overview and Level Annotations

Branches:
Dungeon (4/27)
 Temple: D:4-7

Altars:


Innate Abilities, Weirdness & Mutations

You are too large for most types of armour.
You have a fast metabolism.
You can tolerate rotten meat.
You have tough skin (AC +1).


Message History

You hit the orc priest but do no damage.
The orc priest barely misses you.
Drink which item? (? for menu, Esc to quit)
You feel better.
The orc priest hits you with an orcish flail.
* * * LOW HITPOINT WARNING * * *
You closely miss the orc priest. The orc priest closely misses you.
You closely miss the orc priest. The orc priest barely misses you.
You hit the orc priest.
The orc priest is moderately wounded.
The orc priest closely misses you.
You hit the orc priest but do no damage.
The orc priest is moderately wounded.
The orc priest hits you with an orcish flail.
* * * LOW HITPOINT WARNING * * *
You barely miss the orc priest.
The orc priest is moderately wounded.
The orc priest invokes the aid of Beogh against you.
Something smites you!
You die...

... ......# .....##
........ .......##
#........ ####
#........
...##...#####.!.....o.
.........@o.[.......<>
.####...###%#.......!.
#######.#.......#
#...#...!...#
#...#.......#
#..o##...... #...#
..... #...# .... #...#
.


You could see an orc priest.

Vanquished Creatures
  2 adders
  A worm (D:2)
  A giant gecko (D:3)
  5 orcs
  A ball python (D:2)
  A giant cockroach (D:2)
  3 hobgoblins
  5 bats
  A giant newt (D:1)
  7 goblins
  A quokka (D:3)
  3 rats
31 creatures vanquished.

Notes
Turn   | Place    | Note
--------------------------------------------------------------
     0 | D:1      | Imon, the Ogre Berserker, began the quest for the Orb.
     0 | D:1      | Reached XP level 1. HP: 23/23 MP: 0/0
   185 | D:1      | Reached XP level 2. HP: 30/32 MP: 1/1
   326 | D:2      | Reached XP level 3. HP: 30/39 MP: 2/2
   583 | D:3      | Acquired Trog's second power
   964 | D:4      | Reached skill level 5 in Fighting
   965 | D:4      | Reached XP level 4. HP: 7/48 MP: 3/3
  1103 | D:4      | HP: 1/48 [orc priest/orcish flail (2)]
  1111 | D:4      | Killed from afar by an orc priest

Action                   |  1- 3 |  4- 6 || total
-------------------------+-------+-------++-------
Melee: Spear             |   113 |       ||   113
       Mace              |    16 |    20 ||    36
  Use: Scroll            |     2 |       ||     2
       Potion            |       |     2 ||     2
